 Dungeon Crawl Stone Soup version 0.24.1-14-gf8d2b509d9 (webtiles) character file.

Game seed: 10359262498704448241, levelgen mode: deterministic

954 Spinowolf the Fighter (level 8, -9/71 HPs)
             Began as a Gnoll Wanderer on Nov 15, 2021.
             Killed by divine providence
             ... invoked by an orc priest
              (12 damage)
             ... on level 5 of the Dungeon.
             The game lasted 00:46:59 (3331 turns).

Spinowolf the Fighter (Gnoll Wanderer)              Turns: 3331, Time: 00:47:00

Health: -9/71      AC:  7    Str: 19    XL:     8   Next: 14%
Magic:  11/11      EV: 12    Int: 14    God:
Gold:   273        SH:  0    Dex: 15    Spells: 12/12 levels left

rFire    . . .     SeeInvis .   s - +3 quarterstaff (chaos)
rCold    . . .     Gourm    .   (shield currently unavailable)
rNeg     . . .     Faith    .   d - +0 ring mail
rPois    .         Spirit   .   (no helmet)
rElec    .         Reflect  .   t - +0 cloak
rCorr    .         Harm     .   (no gloves)
MR       .....                  (no boots)
Stlth    ++........             (no amulet)
HPRegen  0.21/turn              (no ring)
MPRegen  0.12/turn              (no ring)

@: hasted, very quick
A: distributed training, fangs 1, low mp 1, strong 1, strong nose
a: no special abilities


You were on level 5 of the Dungeon.
You were not hungry.

You visited 1 branch of the dungeon, and saw 4 of its levels.

You collected 273 gold pieces.

Inventory:

Hand Weapons
 a - a +0 hand crossbow
 i - a +0 whip
 j - a +0 war axe
 s - a +3 quarterstaff of chaos (weapon)
Missiles
 c - 38 bolts
Armour
 b - a +0 shield
 d - a +0 ring mail (worn)
 o - a cursed +0 scale mail
 t - a +0 cloak (worn)
Wands
 q - a wand of polymorph (6)
Scrolls
 e - 2 scrolls of enchant weapon
 g - a scroll of enchant armour
 h - 2 scrolls of teleportation
 l - a scroll of identify
Potions
 k - 2 potions of haste
 m - a potion of might
 n - a potion of curing
 p - 2 potions of degeneration {unknown}
Comestibles
 f - 5 rations


   Skills:
 + Level 9.0 Fighting
 + Level 2.9 Short Blades
 + Level 2.9 Long Blades
 + Level 2.9 Axes
 + Level 2.9 Maces & Flails
 + Level 2.9 Polearms
 + Level 2.9 Staves
 + Level 2.9 Slings
 + Level 2.9 Bows
 + Level 5.5 Crossbows
 + Level 2.9 Throwing
 + Level 4.0 Armour
 + Level 2.9 Dodging
 + Level 3.8 Stealth
 + Level 5.5 Shields
 + Level 2.9 Unarmed Combat
 + Level 2.9 Spellcasting
 + Level 2.3 Conjurations
 + Level 2.3 Hexes
 + Level 2.3 Charms
 + Level 2.3 Summonings
 + Level 2.3 Necromancy
 + Level 2.3 Translocations
 + Level 2.3 Transmutations
 + Level 2.3 Fire Magic
 + Level 2.3 Ice Magic
 + Level 2.3 Air Magic
 + Level 2.3 Earth Magic
 + Level 2.3 Poison Magic
 + Level 3.2 Invocations
 + Level 2.9 Evocations


You had 12 spell levels left.
You didn't know any spells.
Your spell library was empty.

Dungeon Overview and Level Annotations

Branches:
Dungeon (5/15)
 Temple: D:4-7

Altars:
Kikubaaqudgha


Innate Abilities, Weirdness & Mutations

Your experience applies equally to all skills.
You have very sharp teeth.
Your uncanny sense of smell can sniff out nearby items.
Your magical capacity is low. (-10% MP)
Your muscles are strong. (Str +2)


Message History

You continue taking off your +0 shield.
The orc warrior hits you with a +0 scimitar of holy wrath.
* * * LOW HITPOINT WARNING * * *
The orc priest calls upon Beogh to heal the orc warrior.
The orc warrior is healed somewhat.
You continue taking off your +0 shield.
You finish taking off your +0 shield.
Your +3 quarterstaff of chaos is briefly surrounded by a scintillating aura of random colours.
s - a +3 quarterstaff of chaos (weapon)
The orc warrior hits you with a +0 scimitar of holy wrath!
* * * LOW HITPOINT WARNING * * *
You hit the orc warrior. You burn the orc warrior.
The orc warrior is moderately wounded.
The orc priest casts a cantrip, but nothing happens.
You barely miss the orc warrior.
The orc warrior is moderately wounded.
The orc warrior barely misses you. The orc priest closely misses you.
The orc priest mumbles some strange prayers to Beogh against you.
Beogh smites you!
You die...

#. # ..# #...# .....o#####
.....oo.oo###
.....#w##oo.### ...
...#.@#...### # ###. .
....##........###.# ∆ .#..
......#.............# .#.#
.....##........#.####
.#.### ..#..#...........#
##...###...##.#........##
#..#...### #...........#
#...^....#####........#####
...........#.###...#..##..#
#####


You could see an orc warrior, 2 orc priests and an orc.

Vanquished Creatures
  An ice beast (D:5)
  A phantom (D:4)
  2 ogres (D:5)
  A centaur (D:5)
  A scorpion (D:5)
  2 vampire bats (D:4)
  A centaur zombie (D:5)
  Crazy Yiuf (D:5)
  A centaur skeleton (D:5)
  2 orc wizards (D:5)
  A bullfrog skeleton (D:5)
  4 worker ants
  A hound skeleton (D:4)
  2 adders (D:5)
  An ooze (D:2)
  2 dart slugs
  3 leopard geckos
  13 orcs
  A ball python (D:2)
  3 bat skeletons (D:4)
  3 bat zombies (D:4)
  2 giant cockroaches
  9 goblins
  5 hobgoblins
  10 jackals
  A quokka (D:5)
  3 bats (D:1)
  3 frilled lizards
  A kobold (D:2)
  A quokka zombie (D:5)
  3 rats
  3 fungi (D:5)
88 creatures vanquished.

Notes
Turn   | Place    | Note
-------+----------+-------------------------------------------
     0 | D:1      | Spinowolf the Gnoll Wanderer began the quest for the Orb.
     0 | D:1      | Spinowolf set off with the following items: a +0 hand
                  | crossbow, a +0 shield, 29 bolts, a +0 ring mail, a ration
     0 | D:1      | Reached XP level 1. HP: 26/26 MP: 1/1
    66 | D:1      | Reached XP level 2. HP: 33/33 MP: 2/2
   389 | D:1      | Reached XP level 3. HP: 38/38 MP: 3/3
   965 | D:2      | Reached skill level 1 in Invocations
  1084 | D:2      | Gained mutation: Your magical capacity is low. (-10% MP)
                  | [potion of mutation]
  1084 | D:2      | Gained mutation: Your muscles are strong. (Str +2) [potion
                  | of mutation]
  1283 | D:2      | You fall into a shaft and drop 2 floors!
  1292 | D:4      | Reached skill level 1 in Short Blades
  1292 | D:4      | Reached skill level 1 in Long Blades
  1292 | D:4      | Reached skill level 1 in Axes
  1292 | D:4      | Reached skill level 1 in Maces & Flails
  1292 | D:4      | Reached skill level 1 in Polearms
  1292 | D:4      | Reached skill level 1 in Staves
  1292 | D:4      | Reached skill level 1 in Slings
  1292 | D:4      | Reached skill level 1 in Bows
  1292 | D:4      | Reached skill level 1 in Throwing
  1292 | D:4      | Reached skill level 1 in Dodging
  1292 | D:4      | Reached skill level 1 in Unarmed Combat
  1292 | D:4      | Reached skill level 1 in Spellcasting
  1292 | D:4      | Reached skill level 1 in Evocations
  1306 | D:4      | Reached XP level 4. HP: 40/45 MP: 4/4
  1389 | D:4      | Noticed a phantom
  1431 | D:4      | Killed a phantom
  1431 | D:4      | Reached skill level 1 in Conjurations
  1431 | D:4      | Reached skill level 1 in Hexes
  1431 | D:4      | Reached skill level 1 in Charms
  1431 | D:4      | Reached skill level 1 in Summonings
  1431 | D:4      | Reached skill level 1 in Necromancy
  1431 | D:4      | Reached skill level 1 in Translocations
  1431 | D:4      | Reached skill level 1 in Transmutations
  1431 | D:4      | Reached skill level 1 in Fire Magic
  1431 | D:4      | Reached skill level 1 in Ice Magic
  1431 | D:4      | Reached skill level 1 in Air Magic
  1431 | D:4      | Reached skill level 1 in Earth Magic
  1431 | D:4      | Reached skill level 1 in Poison Magic
  1431 | D:4      | Reached XP level 5. HP: 20/51 MP: 6/6
  1863 | D:4      | Found an ancient bone altar of Kikubaaqudgha.
  1874 | D:4      | Reached XP level 6. HP: 44/57 MP: 7/7
  2037 | D:4      | Reached skill level 5 in Crossbows
  2037 | D:4      | Reached skill level 5 in Shields
  2162 | D:5      | Entered Level 5 of the Dungeon
  2405 | D:5      | Noticed an ice beast
  2415 | D:5      | Killed an ice beast
  2415 | D:5      | Reached XP level 7. HP: 27/63 MP: 9/9
  2693 | D:5      | Reached skill level 9 in Fighting
  2861 | D:5      | Reached XP level 8. HP: 68/71 MP: 9/11
  2995 | D:5      | Found a runed translucent door.
  2996 | D:5      | Noticed Crazy Yiuf
  3003 | D:5      | Killed Crazy Yiuf
  3329 | D:5      | HP: 3/71 [orc warrior/+0 scimitar of holy wrath (9)]
  3331 | D:5      | Killed from afar by an orc priest

Levels and vault maps discovered:
D:1:      lightli_arrival_statue_moat, layout_loops_ring
D:2:      layout_loops_corners
D:4:      layout_gridville, kennysheep_vampire_church
D:5:      minmay_skewed_foursquare, layout_basic, first_ration, uniq_sigmund,
          uniq_crazy_yiuf_cottage

Skill      XL: |  1  2  3  4  5  6  7  8 |
---------------+-------------------------+-----
Invocations    | 1 2 3 |  3.2
Short Blades   | 1 2 |  2.9
Long Blades    | 1 2 |  2.9
Axes           | 1 2 |  2.9
Maces & Flails | 1 2 |  2.9
Polearms       | 1 2 |  2.9
Staves         | 1 2 |  2.9
Slings         | 1 2 |  2.9
Bows           | 1 2 |  2.9
Throwing       | 1 2 |  2.9
Dodging        | 1 2 |  2.9
Unarmed Combat | 1 2 |  2.9
Spellcasting   | 1 2 |  2.9
Evocations     | 1 2 |  2.9
Armour         | 3 4 |  4.0
Conjurations   | 1 2 |  2.3
Hexes          | 1 2 |  2.3
Charms         | 1 2 |  2.3
Summonings     | 1 2 |  2.3
Necromancy     | 1 2 |  2.3
Translocations | 1 2 |  2.3
Transmutations | 1 2 |  2.3
Fire Magic     | 1 2 |  2.3
Ice Magic      | 1 2 |  2.3
Air Magic      | 1 2 |  2.3
Earth Magic    | 1 2 |  2.3
Poison Magic   | 1 2 |  2.3
Stealth        | 3 |  3.8
Crossbows      | 5 |  5.5
Shields        | 5 |  5.5
Fighting       | 9 |  9.0

Action                   |  1- 3 |  4- 6 |  7- 9 || total
-------------------------+-------+-------+-------++-------
Melee: Hand crossbow     |     7 |       |       ||     7
       Whip              |    69 |    10 |       ||    79
       Bite              |     3 |    10 |    10 ||    23
       War axe           |       |    72 |    72 ||   144
       Quarterstaff      |       |       |     2 ||     2
 Fire: Hand crossbow     |    38 |     6 |     6 ||    50
  Use: Scroll            |     7 |     3 |       ||    10
       Potion            |     5 |     2 |     1 ||     8
 Stab: Sleeping          |       |     1 |     1 ||     2
  Eat: Ration            |     1 |     1 |       ||     2
       Chunk             |       |       |     1 ||     1
Armor: Ring mail         |    24 |    43 |     8 ||    75
Dodge: Dodged            |    31 |    47 |    29 ||   107
Block: Shield            |    52 |    65 |    33 ||   150
